 Dungeon Crawl Stone Soup version 0.31-a0-1057-g70f3316b05 (webtiles) character file.

Game seed: 1861737328366309082

944 Avanven the Firebug (level 7, -3/36 HPs)
             Began as a Deep Elf Fire Elementalist on Nov 20, 2023.
             Was an Initiate of Vehumet.
             Slain by a lemure (6 damage)
             ... led by Pikel
             ... on level 5 of the Dungeon.
             The game lasted 00:12:11 (4245 turns).

Avanven the Firebug (Deep Elf Fire Elementalist)    Turns: 4245, Time: 00:12:12

Health: -3/36      AC:  3    Str:  7    XL:     7   Next: 88%
Magic:  1/18       EV: 12    Int: 22    God:    Vehumet [......]
Gold:   219        SH:  0    Dex: 15    Spells: 5/19 levels left

rFire   + . .        d - +2 rapier
rCold   . . .        (no shield)
rNeg    . . .        k - +1 robe of Defiance {rF+ Str+2}
rPois   .            (no helmet)
rElec   .            (no cloak)
rCorr   .            (no gloves)
SInv    .            (no boots)
Will    .....        (no amulet)
Stlth   ++           g - ring of wizardry
HPRegen 0.26/turn    (no ring)
MPRegen 0.16/turn

%: wizardry (x1)
@: no status effects
A: no striking features
a: Renounce Religion


You were on level 5 of the Dungeon.
You worshipped Vehumet.
Vehumet was noncommittal.
You visited 2 branches of the dungeon, and saw 7 of its levels.

You collected 219 gold pieces.

Inventory:

Hand Weapons
 d - a +2 rapier (weapon)
Armour
 k - the +1 robe of Defiance (worn) {rF+ Str+2}
   (You found it on level 3 of the Dungeon)

   Str+2:     It affects your strength (+2).
   rF+:       It protects you from fire.
 n - a +0 buckler
Jewellery
 g - a ring of wizardry (left hand)
Scrolls
 a - a scroll of fear
 b - 2 scrolls of vulnerability {unknown}
 j - a scroll of enchant armour {unknown}
 o - a scroll of identify {unknown}
Potions
 c - 3 potions of curing {unknown}
 e - a potion of haste {unknown}
 f - a potion of might {unknown}
 h - 2 potions of invisibility {unknown}
 i - a potion of enlightenment {unknown}
 l - a potion of cancellation {unknown}
 m - a potion of mutation {unknown}


   Skills:
 - Level 2.4 Dodging
 - Level 2.4 Stealth
 + Level 6.6 Spellcasting
 + Level 3.5 Conjurations
 - Level 3.2 Translocations
 * Level 7.7 Fire Magic


You had 5 spell levels left.
You knew the following spells:

 Your Spells              Type           Power      Damage    Failure   Level
a - Foxfire               Conj/Fire      100%       2x1d9     1%          1
b - Scorch                Fire           82%        2d8       1%          2
c - Blink                 Tloc           42%        N/A       1%          2
d - Flame Wave            Conj/Fire      32%        2d9       3%          4
e - Freezing Cloud        Conj/Ice/Air   6%         6-21      50%         5

Your spell library contained the following spells:

 Spells                   Type           Power      Damage    Failure   Level
 Volatile Blastmotes      Fire/Tloc      62%        2d15      1%          3
 Inner Flame              Hex/Fire       24%        N/A       2%          3
 Necrotise                Necr           28%        1d5       3%          1
 Ensorcelled Hibernation  Hex/Ice        14%        N/A       5%          2
 Jinxbite                 Hex            14%        N/A       5%          2
 Poisonous Vapours        Pois/Air       14%        N/A       5%          2
 Mephitic Cloud           Conj/Pois/Air  12%        N/A       6%          3
 Manifold Assault         Tloc           21%        N/A       9%          4
 Vampiric Draining        Necr           7%         2d6       11%         3
 Anguish                  Hex/Necr       3%         N/A       32%         4
 Agony                    Necr           7%         N/A       65%         5
 Haunt                    Necr/Summ      3%         N/A       100%        7
 Borgnjor's Revivificati  Necr           3%         N/A       100%        8
 Death's Door             Necr           3%         N/A       100%        9


Dungeon Overview and Level Annotations

Branches:
Dungeon (6/15)             Temple (1/1) D:5

Altars:
Ashenzari
Cheibriados
Dithmenos
Elyvilon
Gozag
Kikubaaqudgha
Nemelex Xobeh
Okawaru
Qazlal
Ru
Sif Muna
Trog
Vehumet
Wu Jian
Xom
Yredelemnul
Zin
The Shining One


Message History

You climb upwards.
There is a stone staircase leading down here.
Casting: Flame Wave (quite dangerous; 3% risk of failure)
Confirm with . or Enter, or press ? or * to list all spells.
You conjure some foxfire!
The lemure closely misses you.
Your foxfire dissipates!
The lemure hits you.
You hit the lemure.
The lemure is heavily wounded.
The lemure is no longer more vulnerable to fire.
The lemure hits you.
You closely miss the lemure.
The lemure is heavily wounded.
The lemure barely misses you.
You hit the lemure.
The lemure is heavily wounded.
The lemure hits you.
You hit the lemure.
The lemure is severely wounded.
The lemure hits you! The lemure attacks as it pursues you!
The lemure misses you. The lemure attacks as it pursues you!
The lemure barely misses you.
Casting: Foxfire (safe; 1% risk of failure)
Confirm with . or Enter, or press ? or * to list all spells.
Flames lash the lemure.
The lemure is almost dead.
The lemure's fire resistance burns away.
The lemure hits you.
You barely miss the lemure.
The lemure is almost dead.
The lemure closely misses you.
You barely miss the lemure.
The lemure is almost dead.
The lemure hits you.
* * * LOW HITPOINT WARNING * * *
The lemure hits you!
* * * LOW HITPOINT WARNING * * *
Okay, then.
The lemure attacks as it pursues you! The lemure hits you.
You die...

#.## #.### #.# #.....
#.# #.# #.# #...## #.#
#.# #.# ##.## #.# #.##
#.# #.# #.# #..# #>#
#.# #.# ##.# #.# #.#
#.# #.# #.# #.# #[#
##.#####.# ####.###
#.#########...@5...#
#.......
#............#######
#.##.###
############.#########
#)##.# #.........#
#>##.# #########.#
#.##.# #.###.##.#
#.....##.###
########.... #####


You could see a lemure (combustible).

Vanquished Creatures
  A troll (D:6)
  Edmund (D:4)
  A water moccasin (D:6)
  2 lemures (D:6)
  2 phantoms
  A scorpion (D:5)
  A hound (D:6)
  A sleepcap (D:5)
  3 iguanas
  8 adders
  4 gnolls (D:5)
  A river rat (D:3)
  2 worms (D:3)
  3 orcs
  6 endoplasms
  A giant cockroach (D:3)
  A goblin (D:2)
  6 hobgoblins
  2 jackals (D:3)
  7 kobolds
  2 quokkas
  3 ball pythons
  2 bats
  5 rats (D:3)
66 creatures vanquished.

Vanquished Creatures (others)
  134 foxfires
134 creatures vanquished.

Grand Total: 200 creatures vanquished

Notes
Turn   | Place    | Note
-------+----------+-------------------------------------------
     0 | D:1      | Avanven the Deep Elf Fire Elementalist began the quest for
                  | the Orb.
     0 | D:1      | Reached XP level 1. HP: 10/10 MP: 6/6
   166 | D:1      | Reached XP level 2. HP: 15/15 MP: 5/8
   233 | D:2      | Learned a level 2 spell: Scorch
   416 | D:2      | You fall into a shaft and drop 1 floor!
   421 | D:3      | Reached skill level 4 in Fire Magic
   421 | D:3      | Reached XP level 3. HP: 19/19 MP: 7/10
   698 | D:3      | Learned a level 2 spell: Blink
   942 | D:3      | Reached XP level 4. HP: 24/24 MP: 8/11
  1228 | D:3      | Identified the +1 robe of Defiance {rF+ Str+2}
  1247 | D:3      | Learned a level 4 spell: Flame Wave
  1360 | D:3      | Found a sparkling altar of Nemelex Xobeh.
  1466 | D:3      | Reached skill level 1 in Translocations
  1822 | D:4      | Found a glowing golden altar of the Shining One.
  2130 | D:4      | Reached skill level 5 in Fire Magic
  2130 | D:4      | Reached XP level 5. HP: 13/28 MP: 5/13
  2233 | D:4      | Found a shimmering blue altar of Sif Muna.
  2415 | D:4      | Noticed Edmund
  2428 | D:4      | Killed Edmund
  2816 | D:5      | Entered Level 5 of the Dungeon
  2820 | D:5      | Reached XP level 6. HP: 29/32 MP: 10/15
  2824 | D:5      | Reached skill level 5 in Spellcasting
  2824 | D:5      | Reached skill level 6 in Fire Magic
  3013 | D:5      | Found a staircase to the Ecumenical Temple.
  3022 | Temple   | Entered the Ecumenical Temple
  3945 | D:6      | Noticed a troll
  3950 | D:6      | Killed a troll
  3951 | D:6      | Reached skill level 7 in Fire Magic
  3951 | D:6      | Reached XP level 7. HP: 36/36 MP: 9/18
  4078 | D:6      | Found an iron altar of Okawaru.
  4079 | D:6      | Found a radiant altar of Vehumet.
  4079 | D:6      | Found a shadowy altar of Dithmenos.
  4082 | D:6      | Found a shimmering altar of Xom.
  4194 | D:5      | Learned a level 5 spell: Freezing Cloud
  4205 | D:6      | Became a worshipper of Vehumet
  4245 | D:5      | Slain by a lemure

Illustrated notes

Levels and vault maps discovered:
D:1:      dpeg_arrival_rooms_a, layout_basic
D:2:      minmay_chambers_of_twos, layout_basic,
          shapermc_ecumenical_altar_petra, grunt_decor_cap, hex_medium
D:3:      wad_river_or_something, layout_loops_ring,
          nemelex_diamond_rough_becter, gup_sewer_entry_bubbles
D:4:      layout_loops_corners, nicolae_sif_muna_condensation,
          mainiacjoe_overflow_six_doors_small, uniq_edmund
D:5:      layout_loops_ring, temple_hall
D:6:      layout_cave_pools, lemuel_doored_altar, grunt_temple_overflow_open,
          minivault_11, uniq_pikel
Temple:   bh_familiar_temple

Skill      XL: |  1  2  3  4  5  6  7 |
---------------+----------------------+-----
Fire Magic     | 4 5 7 |  7.7
Conjurations   | 2 3 |  3.5
Spellcasting   | 4 6 |  6.6
Translocations | 1 2 3 |  3.2
Dodging        | |  2.4
Stealth        | |  2.4

Action                     |  1- 3 |  4- 6 |  7- 9 || total
---------------------------+-------+-------+-------++-------
  Melee: Rapier            |     1 |       |     6 ||     7
   Cast: Foxfire           |    40 |    32 |     9 ||    81
         Scorch            |    13 |    34 |    17 ||    64
         Flame Wave        |       |     4 |     1 ||     5
    Use: Scroll            |       |     5 |       ||     5
         Potion            |       |     1 |       ||     1
 Armour: Robe              |       |    11 |    13 ||    24
  Dodge: Dodged            |     2 |    16 |     7 ||    25

Table legend: (Time is in decaauts)
 A = Elapsed time spent in this place.
 B = Non-inter-level travel time spent in this place.
 C = Inter-level travel time spent in this place.
 D = Time resting spent in this place.
 E = Time spent auto-exploring this place.
 F = Levels seen in this place.
 G = Mean time per level.
                   A        B        C        D        E       F      G
               +--------+--------+--------+--------+--------+-----+--------+
         Total |   4277 |   4172 |    105 |    852 |   2741 |   7 |  611.0 |
       Dungeon |   4254 |   4149 |    105 |    852 |   2741 |   6 |  709.0 |
        Temple |     23 |     23 |      0 |      0 |      0 |   1 |   23.0 |
               +--------+--------+--------+--------+--------+-----+--------+

Top non-repeatable levels by time:
     D:3: 1355 daAuts
     D:4: 1224 daAuts
     D:5: 1162 daAuts
     D:1: 223 daAuts
     D:2: 191 daAuts
     D:6: 96 daAuts
  Temple: 23 daAuts
